[Event "Titled Tuesday Blitz July 4 Early 2023"]
[White "Piesik, Piotr"]
[Black "Labussiere, Yago"]
[WhiteFideId "1136194"]
[BlackFideId "2186969"]
[WhiteElo "2600"]
[BlackElo "2409"]
[Result "0-1"]
[Round "11"]
[TimeControl "180+2"]
[Date "2023.07.04"]
[WhiteClock "0:01:05"]
[BlackClock "0:00:15"]
[Board "56"]

1. Nf3 Nf6 2. g3 g6 3. Bg2 Bg7 4. O-O O-O 5. d4 d6 6. Nbd2 Nbd7 7. e4 e5 8. dxe5 dxe5 9. Qe2 Re8 10. b3 c6 11. a4 Bf8 12. Bb2 Qc7 13. Nc4 b5 14. axb5 cxb5 15. Ne3 a6 16. Nd5 Nxd5 17. exd5 Bb7 18. Ng5 h6 19. Ne4 f5 20. d6 Qb6 21. Nc3 Bxg2 22. Kxg2 Bxd6 23. Rfd1 Qc6+ 24. Kg1 Nb6 25. Rd3 e4 26. Rdd1 Be5 27. Qe3 Bg7 28. Rab1 Rac8 29. Ne2 Nd5 30. Qa7 Rc7 31. Nd4 Qd6 32. Nxb5 axb5 33. Rxd5 Qc6 34. Qa5 Bxb2 35. Rxb2 Qxd5 36. Qxc7 Qd1+ 37. Kg2 Qf3+ 38. Kg1 e3 39. fxe3 Qxe3+ 40. Kg2 Qe2+ 41. Kg1 Qd1+ 42. Kg2 Re2+ 43. Kh3 Qf1+ 0-1


[Site "https://www.chess.com"]

[Event "Titled Tuesday Blitz July 4 Early 2023"]
[White "Pinheiro, Iung Alicio de O."]
[Black "Samarth J Rao"]
[WhiteFideId "2104350"]
[BlackFideId "46652370"]
[WhiteElo "2597"]
[BlackElo "2298"]
[Result "1-0"]
[Round "11"]
[TimeControl "180+2"]
[Date "2023.07.04"]
[WhiteClock "0:00:08"]
[BlackClock "0:00:00"]
[Board "57"]

1. d4 e6 2. e4 b6 3. Bd3 Bb7 4. Qe2 g6 5. h4 h5 6. Nf3 Bg7 7. Bg5 Bf6 8. Nbd2 c5 9. d5 exd5 10. exd5+ Qe7 11. Ne4 Bxg5 12. Nfxg5 Bxd5 13. O-O-O Be6 14. Bb5 Nc6 15. Nd6+ Kf8 16. Rhe1 Nd4 17. Rxd4 cxd4 18. Qe5 Nf6 19. Qxd4 Kg7 20. Re3 Rhf8 21. Rf3 Bg4 22. Re3 Be6 23. f4 Kg8 24. f5 gxf5 25. b4 Ng4 26. Nxf5 Qf6 27. Qxf6 Nxf6 28. Nd6 a5 29. a3 axb4 30. axb4 Ra1+ 31. Kd2 Rg1 32. Rg3 Ng4 33. Bd3 Ra8 34. Nh7 Kh8 35. Ng5 Raa1 36. Ndxf7+ Bxf7 37. Nxf7+ Kg7 38. Nd6 Rad1+ 39. Kc3 Kf6 40. Ne4+ Ke5 41. Ng5 Rh1 42. Nh3 Kd6 43. Rf3 Ne5 44. Rf6+ Ke7 45. Rh6 Nxd3 46. cxd3 Rc1+ 47. Kd4 Rcg1 48. Nf4 Rf1 49. g3 Rb1 50. Rxh5 Rxb4+ 51. Ke3 Rbb1 52. Rh7+ Kf6 53. Rh6+ Kg7 54. Rh5 b5 55. Kf3 b4 56. Rg5+ Kf7 57. Rb5 b3 58. Kg4 b2 59. h5 Rh2 60. Ng6 Rf1 61. Ne5+ Ke6 62. Nf3 b1=Q 63. Rxb1 Rxb1 64. Nxh2 Rb4+ 65. Kg5 Kf7 66. Nf3 Kg7 67. g4 Rb5+ 68. Kh4 Rd5 69. d4 Kh7 70. g5 Kg7 71. Kg4 Kh7 72. Kf4 Kg7 73. Ke4 Ra5 74. Ne5 d6 75. Nf3 Kh7 76. Kf4 Kg7 77. Kg4 Kh7 78. Nh4 Rd5 79. Nf5 Ra5 80. g6+ Kg8 81. Kg5 Rd5 82. h6 Kf8 83. h7 1-0


[Site "https://www.chess.com"]

[Event "Titled Tuesday Blitz July 4 Early 2023"]
[White "Slovineanu, Viacheslav"]
[Black "Matinian, Nikita"]
[WhiteFideId "13900510"]
[BlackFideId "24129100"]
[WhiteElo "2361"]
[BlackElo "2692"]
[Result "1/2-1/2"]
[Round "11"]
[TimeControl "180+2"]
[Date "2023.07.04"]
[WhiteClock "0:00:07"]
[BlackClock "0:01:04"]
[Board "58"]

1. d4 Nf6 2. Nf3 g6 3. Nbd2 d5 4. e3 Bg7 5. b4 a5 6. b5 c5 7. dxc5 Ne4 8. Ba3 Nxd2 9. Nxd2 Bxa1 10. Qxa1 O-O 11. h4 f6 12. h5 g5 13. c4 Kh8 14. Qd4 Be6 15. cxd5 Qxd5 16. Bc4 Qxd4 17. exd4 Bxc4 18. Nxc4 a4 19. Ke2 Rd8 20. Rd1 Nd7 21. d5 Nxc5 22. Bxc5 Rac8 23. Bxe7 Re8 24. d6 Rxc4 25. Kf3 Rc3+ 26. Kg4 Kg7 27. d7 Rxe7 28. d8=Q Re4+ 29. Kf5 Re5+ 30. Kg4 Re4+ 31. Kf5 Re5+ 32. Kg4 Re4+ 1/2-1/2


[Site "https://www.chess.com"]

[Event "Titled Tuesday Blitz July 4 Early 2023"]
[White "Akhmedinov, Satbek"]
[Black "Terletsky, Oleg"]
[WhiteFideId "13714287"]
[BlackFideId "14116774"]
[WhiteElo "2661"]
[BlackElo "2547"]
[Result "1-0"]
[Round "11"]
[TimeControl "180+2"]
[Date "2023.07.04"]
[WhiteClock "0:01:47"]
[BlackClock "0:00:00"]
[Board "59"]

1. e4 e5 2. Nf3 Nc6 3. Bc4 Nf6 4. d3 h6 5. c3 d6 6. O-O g6 7. h3 Bg7 8. Be3 O-O 9. Nbd2 d5 10. exd5 Nxd5 11. Bc5 Re8 12. Re1 Nb6 13. Bxb6 axb6 14. Nb3 Bf5 15. Qe2 e4 16. dxe4 Bxe4 17. Nfd2 Bf5 18. Qf3 Ne5 19. Qxb7 Nxc4 20. Nxc4 Be6 21. Ne3 Qg5 22. Qf3 h5 23. Nd4 Bxa2 24. Qc6 Bxd4 25. cxd4 Red8 26. Qxc7 Be6 27. Rxa8 Rxa8 28. Qxb6 Bxh3 29. d5 Re8 30. g3 h4 31. Qd6 Re5 32. Ng2 Bxg2 33. Qxe5 Qxe5 34. Rxe5 h3 35. d6 1-0


[Site "https://www.chess.com"]

[Event "Titled Tuesday Blitz July 4 Early 2023"]
[White "Kamalidenova, Meruert"]
[Black "Jovic, Stanoje"]
[WhiteFideId "13712802"]
[BlackFideId "905020"]
[WhiteElo "2651"]
[BlackElo "2542"]
[Result "0-1"]
[Round "11"]
[TimeControl "180+2"]
[Date "2023.07.04"]
[WhiteClock "0:00:00"]
[BlackClock "0:00:08"]
[Board "60"]

1. d4 Nf6 2. c4 e6 3. Nc3 Bb4 4. Nf3 b6 5. e3 Bb7 6. Bd3 O-O 7. O-O d5 8. cxd5 exd5 9. Ne5 Nbd7 10. f4 c5 11. a3 Ba5 12. Bd2 c4 13. Bc2 Rc8 14. Qf3 a6 15. Qh3 g6 16. f5 Re8 17. fxg6 hxg6 18. Bxg6 fxg6 19. Nxg6 Kg7 20. Nh4 Rh8 21. Nf5+ Kf7 22. Qg3 Qg8 23. Nd6+ Ke6 24. Qf4 Qg4 25. Nxb7 Qxf4 26. exf4 Bxc3 27. Bxc3 Ne4 28. f5+ Kf7 29. Bb4 Rc6 30. Rae1 Ndf6 31. h3 Rb8 32. Nd6+ Nxd6 33. Re6 Rd8 34. g4 a5 35. Be1 Re8 36. Bh4 Nfe4 37. Rh6 Rg8 38. Rh7+ Rg7 39. Rh6 Rc8 40. Kh2 Rcg8 41. Bg3 Ne8 42. Be5 N8f6 43. Re1 Rh7 44. Rxh7+ Nxh7 45. Bf4 Nhg5 46. Bxg5 Rxg5 47. Kg2 b5 48. Kf3 b4 49. axb4 axb4 50. Ra1 c3 51. bxc3 bxc3 52. Kf4 Rg8 53. Rc1 Rc8 54. h4 c2 55. g5 Nd2 56. g6+ Kf6 57. h5 Nb3 58. Re1 c1=Q+ 59. Rxc1 Rxc1 60. h6 Rf1+ 61. Kg4 Nxd4 62. g7 Kf7 63. h7 Kxg7 64. f6+ Kh8 65. Kg5 Rg1+ 66. Kh6 Ne6 67. f7 Nf8 68. Kh5 d4 69. Kh4 d3 70. Kh5 d2 71. Kh6 Rh1+ 72. Kg5 d1=Q 73. Kf6 Qd7 0-1


[Site "https://www.chess.com"]

[Event "Titled Tuesday Blitz July 4 Early 2023"]
[White "musclemonster12"]
[Black "Souleidis, Georgios"]
[BlackFideId "4206827"]
[WhiteElo "2512"]
[BlackElo "2640"]
[Result "0-1"]
[Round "11"]
[TimeControl "180+2"]
[Date "2023.07.04"]
[WhiteClock "0:00:07"]
[BlackClock "0:00:20"]
[Board "61"]

1. Nf3 Nf6 2. g3 g6 3. b3 Bg7 4. Bb2 O-O 5. Bg2 c5 6. O-O Nc6 7. c4 d6 8. Nc3 e5 9. e3 Re8 10. d4 e4 11. Nd2 Bg4 12. Qb1 Bf5 13. d5 Nb4 14. g4 Nxg4 15. Ncxe4 Bxb2 16. Qxb2 Bxe4 17. Nxe4 Rxe4 18. Bxe4 Qh4 19. f4 Re8 20. Bf3 Nxe3 21. Rf2 Qxf4 22. Qd2 f5 23. a3 Nbc2 24. Rc1 Nd4 25. Bg2 Qg4 26. Re1 f4 27. Qd3 Nf3+ 28. Kh1 Nxe1 29. h3 Qg3 0-1


[Site "https://www.chess.com"]

[Event "Titled Tuesday Blitz July 4 Early 2023"]
[White "chess123456s"]
[Black "robertoalejandro10"]
[WhiteElo "2622"]
[BlackElo "2535"]
[Result "0-1"]
[Round "11"]
[TimeControl "180+2"]
[Date "2023.07.04"]
[WhiteClock "0:01:27"]
[BlackClock "0:00:37"]
[Board "62"]

1. Nf3 Nf6 2. c4 g6 3. g3 Bg7 4. Bg2 O-O 5. O-O c5 6. d4 cxd4 7. Nxd4 Nc6 8. Nc3 d6 9. Nxc6 bxc6 10. Bxc6 Bh3 11. Bg2 Bxg2 12. Kxg2 Rc8 13. b3 d5 14. Be3 dxc4 15. bxc4 Rxc4 16. Rc1 Qa8+ 17. Kg1 Ng4 18. Nd5 Nxe3 19. Nxe3 Rxc1 20. Qxc1 e5 21. Rd1 Bh6 22. Qc5 Bxe3 23. Qxe3 Re8 24. Qg5 Qe4 25. Rd2 Qb1+ 26. Kg2 Qb7+ 27. f3 Qa6 28. Qe3 Qa4 29. Rd7 Qxd7 30. h4 h5 0-1


[Site "https://www.chess.com"]

[Event "Titled Tuesday Blitz July 4 Early 2023"]
[White "Ocelak, Jakub"]
[Black "Czerw, Dawid"]
[WhiteFideId "23707933"]
[BlackFideId "1145746"]
[WhiteElo "2473"]
[BlackElo "2586"]
[Result "1-0"]
[Round "11"]
[TimeControl "180+2"]
[Date "2023.07.04"]
[WhiteClock "0:00:21"]
[BlackClock "0:00:01"]
[Board "63"]

1. d4 d5 2. Nc3 Nf6 3. Bf4 g6 4. e3 Bg7 5. h4 h5 6. Nf3 O-O 7. Ne5 c5 8. Be2 Nc6 9. O-O cxd4 10. exd4 Bf5 11. Nxc6 bxc6 12. Na4 Ne4 13. b3 Bf6 14. g3 Re8 15. Re1 c5 16. dxc5 e5 17. Bc1 Bxh4 18. Bf3 Bf6 19. Bb2 Qc7 20. Qxd5 Rad8 21. Bxe4 Rxd5 22. Bxd5 h4 23. Kh2 Bc8 24. Rad1 Rd8 25. c4 Qd7 26. Bg2 Qf5 27. Rxd8+ Bxd8 28. Rxe5 Qd7 29. c6 hxg3+ 30. fxg3 Qd6 31. Re8+ Qf8 32. Rxf8+ Kxf8 33. Be5 Ke7 34. c7 1-0


[Site "https://www.chess.com"]

[Event "Titled Tuesday Blitz July 4 Early 2023"]
[White "Grossboss19"]
[Black "Gavrilov, Maxim"]
[BlackFideId "24271454"]
[WhiteElo "2451"]
[BlackElo "2582"]
[Result "1-0"]
[Round "11"]
[TimeControl "180+2"]
[Date "2023.07.04"]
[WhiteClock "0:00:05"]
[BlackClock "0:00:00"]
[Board "64"]

1. e3 Nf6 2. d4 d5 3. c4 c6 4. Nc3 e6 5. b3 Nbd7 6. Bb2 Bd6 7. Nf3 O-O 8. Bd3 e5 9. dxe5 Nxe5 10. cxd5 Nxd3+ 11. Qxd3 cxd5 12. O-O Bg4 13. Nd4 a6 14. h3 Bd7 15. Nf3 Bc6 16. Rfd1 Re8 17. Ne2 Ne4 18. Ned4 Bd7 19. Rac1 Qe7 20. Ne2 Rad8 21. Qd4 f6 22. Nf4 Bc6 23. Qd3 Qf7 24. Nd4 Bd7 25. Nde2 Bc6 26. Nc3 Nc5 27. Qf5 Re5 28. Qb1 Rg5 29. Nce2 d4 30. Bxd4 Bxf4 31. Nxf4 Ne6 32. Bb6 Re8 33. g3 Nxf4 34. exf4 Rb5 35. Bd4 Be4 36. Qb2 Qe6 37. Kh2 Rh5 38. h4 Rxh4+ 39. gxh4 Qg4 40. f3 Bxf3 41. Qf2 Qxf4+ 42. Kg1 Qg4+ 43. Kh2 Re2 44. Qxe2 Bxe2 45. Rd2 Bf3 46. Be3 Qxh4+ 47. Kg1 Qh1+ 48. Kf2 Qxc1 49. Rd8+ Kf7 50. Bxc1 Bc6 51. Rd2 h5 52. Kg3 g5 53. Rd4 h4+ 54. Kg4 Kg6 55. Kh3 f5 56. Rd8 Kf6 57. Rf8+ Ke6 58. Bxg5 Be4 59. Kxh4 Kd5 60. Kg3 Kd4 61. Kf4 Kc3 62. Be7 Kb2 63. b4 Kxa2 64. Ke5 Kb3 65. Bc5 Ka4 66. Rf6 Kb5 67. Kd4 1-0


[Site "https://www.chess.com"]

[Event "Titled Tuesday Blitz July 4 Early 2023"]
[White "Melikhov, Evgeny V."]
[Black "Arat, Ufuk Sezen"]
[WhiteFideId "4122046"]
[BlackFideId "6309089"]
[WhiteElo "2416"]
[BlackElo "2582"]
[Result "0-1"]
[Round "11"]
[TimeControl "180+2"]
[Date "2023.07.04"]
[WhiteClock "0:00:00"]
[BlackClock "0:00:06"]
[Board "65"]

1. d4 Nf6 2. c4 e6 3. Nc3 Bb4 4. Qc2 c5 5. dxc5 Bxc5 6. Nf3 d5 7. Bg5 O-O 8. e4 d4 9. e5 dxc3 10. exf6 gxf6 11. Bh6 cxb2 12. Qxb2 e5 13. Rd1 Qe7 14. Be2 Nc6 15. O-O Bf5 16. Nh4 Bg6 17. Bxf8 Rxf8 18. Nxg6 fxg6 19. Bf3 Nd4 20. Bd5+ Kg7 21. Qxb7 Qxb7 22. Bxb7 Rb8 23. Rb1 Bb6 24. Bd5 Rc8 25. Rb2 f5 26. g3 e4 27. Kg2 Nf3 28. Rd1 Ne5 29. a4 Rd8 30. a5 Bxa5 31. Rb7+ Kh6 32. Rxa7 Bb6 33. Rb7 Bc5 34. Ra1 Ng4 35. Rc7 Bd4 36. Ra8 Rd6 37. Bg8 Nf6 38. Bd5 Ng4 39. Bg8 Nf6 40. Bd5 g5 41. h4 gxh4 42. gxh4 f4 43. Rf8 f3+ 44. Kg3 Nxd5 45. cxd5 Rxd5 46. Rg8 Be5+ 47. Kg4 Bxc7 0-1


[Site "https://www.chess.com"]

[Event "Titled Tuesday Blitz July 4 Early 2023"]
[White "Asavasaetakul, Chawit"]
[Black "Rian, Kapriaga"]
[WhiteFideId "6204856"]
[BlackFideId "7103263"]
[WhiteElo "2570"]
[BlackElo "2385"]
[Result "0-1"]
[Round "11"]
[TimeControl "180+2"]
[Date "2023.07.04"]
[WhiteClock "0:00:46"]
[BlackClock "0:00:05"]
[Board "66"]

1. e4 c6 2. d4 d5 3. Nd2 dxe4 4. Nxe4 Bf5 5. Ng3 Bg6 6. Nf3 Nd7 7. h4 h6 8. h5 Bh7 9. Bd3 Bxd3 10. Qxd3 e6 11. Bd2 Ngf6 12. O-O-O Be7 13. Kb1 O-O 14. Qe2 Qb6 15. c4 Bb4 16. Bc1 Qa6 17. b3 b5 18. c5 Ba3 19. Bd2 Qb7 20. Ne4 Nxe4 21. Qxe4 a5 22. g4 Nf6 23. Qe2 Nd5 24. g5 a4 25. gxh6 axb3 26. axb3 Bb4 27. Qe5 f6 28. Qxe6+ Rf7 29. Rhg1 g5 30. Nxg5 fxg5 31. Rxg5+ Kh8 32. Bxb4 Qa7 33. Qe5+ Rf6 34. Kc1 Qa2 35. Bc3 Qxb3 36. Rd3 b4 37. Rdg3 bxc3 38. Rg8+ Rxg8 39. Rxg8+ Kxg8 40. Qg5+ Kf7 41. Qg7+ Ke6 42. Qg8+ Kf5 43. Qh7+ Ke6 44. Qg8+ Kd7 45. Qg7+ Ne7 46. Qg4+ Rf5 47. Qe2 Qb2+ 48. Qxb2 cxb2+ 49. Kxb2 Rxh5 50. Kc3 Rxh6 0-1


[Site "https://www.chess.com"]

[Event "Titled Tuesday Blitz July 4 Early 2023"]
[White "Toolin, Christopher"]
[Black "Leebit02"]
[WhiteFideId "2024543"]
[WhiteElo "2381"]
[BlackElo "2566"]
[Result "0-1"]
[Round "11"]
[TimeControl "180+2"]
[Date "2023.07.04"]
[WhiteClock "0:00:00"]
[BlackClock "0:00:16"]
[Board "67"]

1. e4 c5 2. c3 d5 3. exd5 Nf6 4. d4 Qxd5 5. Nf3 Bg4 6. Be2 Nc6 7. Na3 e6 8. Nb5 Rc8 9. Bf4 Qd8 10. dxc5 Bxc5 11. Bd6 Bb6 12. O-O a6 13. Na3 Ne4 14. Nc4 Ba7 15. Ba3 b5 16. Nd6+ Nxd6 17. Bxd6 Ne7 18. a4 Nd5 19. Ba3 Qb6 20. axb5 axb5 21. Nd4 Bxe2 22. Qxe2 b4 23. Qb5+ Ke7 24. Bxb4+ Nxb4 25. Qg5+ Kf8 26. Nf3 Nc6 27. Ra4 Qc5 28. Qg3 Bb8 29. Qh3 Qb5 30. Rg4 Ne5 31. Nxe5 Bxe5 32. Re4 Bf6 33. Rfe1 g6 34. g3 Kg7 35. Qg2 Rhd8 36. h4 h5 37. R4e2 Rd3 38. b4 Bxc3 39. Rc1 Rc4 40. Rec2 Qxb4 41. Qf1 Rdd4 42. Rxc3 Rxc3 43. Rb1 Rb3 44. Ra1 Rb2 45. Re1 Rdd2 0-1


[Site "https://www.chess.com"]

[Event "Titled Tuesday Blitz July 4 Early 2023"]
[White "Mikhailovsky, Vladimir"]
[Black "Ambartsumova, Karina"]
[WhiteFideId "34105414"]
[BlackFideId "4166299"]
[WhiteElo "2782"]
[BlackElo "2565"]
[Result "1-0"]
[Round "11"]
[TimeControl "180+2"]
[Date "2023.07.04"]
[WhiteClock "0:00:03"]
[BlackClock "0:00:00"]
[Board "68"]

1. e4 e5 2. Nf3 Nc6 3. Nc3 Nf6 4. d4 exd4 5. Nxd4 Bb4 6. Nxc6 bxc6 7. Bd3 O-O 8. O-O d5 9. exd5 cxd5 10. h3 c6 11. Qf3 Rb8 12. Bf4 Bd6 13. b3 Rb4 14. Ne2 Bxf4 15. Nxf4 Qd6 16. c4 Rb8 17. Rad1 Bb7 18. Rfe1 Rfe8 19. cxd5 cxd5 20. Rxe8+ Rxe8 21. Ne2 g6 22. Nd4 Kg7 23. Nb5 Qb6 24. Qf4 Re6 25. Nd4 Re8 26. Bb5 Re4 27. Qd2 a6 28. Bf1 Qd6 29. Qc3 Qe5 30. Qc5 Rf4 31. Qa7 Bc8 32. Qc5 Bd7 33. Nf3 Qe6 34. Qc3 h6 35. Re1 Qd6 36. Nd4 h5 37. Qg3 Ne4 38. Qe3 Qf6 39. Nf3 Nd6 40. Rd1 Bb5 41. Rd2 Bxf1 42. Kxf1 Nb5 43. Rxd5 Qa1+ 44. Qe1 Qxa2 45. Qe5+ Rf6 46. g4 Qb1+ 47. Kg2 hxg4 48. hxg4 Qxb3 49. Nh2 Nc7 50. Rd7 Qb7+ 51. f3 Qb5 52. Qxc7 Qe2+ 53. Kg3 Qe1+ 54. Kg2 Qe2+ 55. Kh3 1-0


[Site "https://www.chess.com"]

[Event "Titled Tuesday Blitz July 4 Early 2023"]
[White "Prieto Aranguren, Alain"]
[Black "Vaibhav Jayant Raut"]
[WhiteFideId "2268906"]
[BlackFideId "5089034"]
[WhiteElo "2373"]
[BlackElo "2616"]
[Result "1/2-1/2"]
[Round "11"]
[TimeControl "180+2"]
[Date "2023.07.04"]
[WhiteClock "0:01:29"]
[BlackClock "0:01:38"]
[Board "69"]

1. d4 Nf6 2. c4 e6 3. Nc3 d5 4. cxd5 Nxd5 5. e4 Nxc3 6. bxc3 Be7 7. Nf3 O-O 8. Bd3 c5 9. O-O Nc6 10. d5 Na5 11. c4 exd5 12. exd5 Bf6 13. Rb1 Bg4 14. Qc2 h6 15. Nd2 b6 16. Ne4 Bd4 17. Be3 Bxe3 18. fxe3 Nb7 19. Rf4 Bh5 20. Rbf1 Nd6 21. Nxd6 Qxd6 22. Bf5 g5 23. R4f2 Bg6 24. Bxg6 fxg6 25. Rxf8+ Rxf8 26. Rxf8+ Kxf8 27. Qe4 h5 28. h3 Kg7 29. Qe8 Qg3 30. Qe7+ Kh6 31. Qf8+ Kh7 32. Qf7+ Kh6 33. Qf8+ Kh7 34. Qf7+ Kh6 35. Qf2 Qe5 36. Qf8+ Kh7 37. Qf7+ Kh6 38. Qf8+ Kh7 39. Qf7+ Kh6 40. Qf8+ 1/2-1/2


[Site "https://www.chess.com"]

[Event "Titled Tuesday Blitz July 4 Early 2023"]
[White "Womacka, Mathias"]
[Black "Vlassov, Nikolai"]
[WhiteFideId "4611390"]
[BlackFideId "4103360"]
[WhiteElo "2512"]
[BlackElo "2598"]
[Result "1/2-1/2"]
[Round "11"]
[TimeControl "180+2"]
[Date "2023.07.04"]
[WhiteClock "0:00:17"]
[BlackClock "0:00:21"]
[Board "70"]

1. e4 Nc6 2. Nf3 d5 3. exd5 Qxd5 4. Nc3 Qa5 5. Bb5 Bd7 6. d4 a6 7. Bc4 O-O-O 8. Bd2 Bg4 9. Nd5 Qa4 10. b3 Qa3 11. O-O e5 12. h3 Bh5 13. dxe5 b5 14. Bc1 Qa5 15. Bd2 Bxf3 16. gxf3 Qa3 17. Bc1 Qc5 18. Be3 Qa3 19. Bc1 Qc5 20. Be3 Qa3 21. Bc1 1/2-1/2


[Site "https://www.chess.com"]

[Event "Titled Tuesday Blitz July 4 Early 2023"]
[White "Ganiev, Roman"]
[Black "Korkmaz, Necmettin"]
[WhiteFideId "4131452"]
[BlackFideId "6303285"]
[WhiteElo "2596"]
[BlackElo "2512"]
[Result "0-1"]
[Round "11"]
[TimeControl "180+2"]
[Date "2023.07.04"]
[WhiteClock "0:01:51"]
[BlackClock "0:02:29"]
[Board "71"]

1. e4 e6 2. d4 d5 3. Nc3 Nf6 4. Bg5 Be7 5. e5 Nfd7 6. Bxe7 Qxe7 7. f4 a6 8. Nf3 c5 9. Qd2 Nc6 10. dxc5 Qxc5 11. Bd3 b5 12. Qf2 Qb4 13. Rb1 Qxf4 14. Ne2 Qb4+ 15. c3 Qc5 16. Qg3 g6 17. h4 Qe3 18. Bc2 Ncxe5 19. h5 Nxf3+ 20. gxf3 Ne5 21. Rh3 Nd3+ 22. Bxd3 Qxd3 23. Rd1 Qf5 24. hxg6 fxg6 25. Nd4 Qf6 26. Rd2 O-O 27. Re2 e5 28. Qh2 Bxh3 0-1


[Site "https://www.chess.com"]

[Event "Titled Tuesday Blitz July 4 Early 2023"]
[White "Sadykov, Ramil"]
[Black "Liu, Casper"]
[WhiteFideId "24113590"]
[BlackFideId "1454153"]
[WhiteElo "2595"]
[BlackElo "2511"]
[Result "1-0"]
[Round "11"]
[TimeControl "180+2"]
[Date "2023.07.04"]
[WhiteClock "0:00:05"]
[BlackClock "0:00:16"]
[Board "72"]

1. Nf3 d6 2. d4 g6 3. g3 Bg7 4. Bg2 Nf6 5. O-O O-O 6. c4 Bf5 7. Nc3 c6 8. Re1 Qa5 9. e4 Bg4 10. Be3 Qh5 11. Bf4 c5 12. dxc5 dxc5 13. e5 Nfd7 14. Nd5 Nc6 15. e6 fxe6 16. Ne3 e5 17. Nxg4 Qxg4 18. h3 Qf5 19. Nh4 Qf6 20. Be3 Nd4 21. Bxb7 Rab8 22. Bd5+ e6 23. Be4 Rxb2 24. a4 Nb6 25. Qd3 Rb3 26. Qd1 Nxc4 27. Bxd4 Rb4 28. Bxc5 Rb2 29. Re2 Rbb8 30. Qc2 Na5 31. Ng2 Nb3 32. Rf1 Rfc8 33. Qd1 Nxc5 34. Bc2 Rd8 35. Qc1 Qf3 36. Re3 Qd5 37. f4 exf4 38. Nxf4 Qa2 39. Kh2 Rb2 40. Re2 Nb3 41. Qe3 Rxc2 42. Qxe6+ Kh8 43. Rff2 Rxe2 44. Rxe2 Qxa4 45. Qe7 Rc8 46. Ne6 Ba1 47. Ng5 Bg7 48. Nf7+ Kg8 49. Qe6 Re8 50. Nh6+ Kh8 51. Qg8+ Rxg8 52. Nf7# 1-0


[Site "https://www.chess.com"]

[Event "Titled Tuesday Blitz July 4 Early 2023"]
[White "Jaskolka, Tomasz"]
[Black "Kirillov, Dmitry"]
[WhiteFideId "1170791"]
[BlackFideId "34180572"]
[WhiteElo "2593"]
[BlackElo "2509"]
[Result "0-1"]
[Round "11"]
[TimeControl "180+2"]
[Date "2023.07.04"]
[WhiteClock "0:00:03"]
[BlackClock "0:00:11"]
[Board "73"]

1. d4 Nf6 2. Nc3 e6 3. Bf4 d5 4. Nb5 Na6 5. e3 c6 6. Nc3 Bd6 7. Bxa6 Bxf4 8. Bxb7 Bxb7 9. exf4 c5 10. Nf3 cxd4 11. Qxd4 O-O 12. O-O Rb8 13. Ne5 Qc7 14. Qxa7 Rfd8 15. Rfd1 h6 16. Qd4 Ba8 17. Na4 Qa5 18. c3 Ne8 19. b3 Nd6 20. Rdc1 Nf5 21. Qd3 d4 22. cxd4 Nxd4 23. Rc5 Qa7 24. Qe3 Qb7 25. f3 Nf5 26. Qf2 Qb4 27. Rc4 Qe7 28. Rac1 f6 29. Nc6 Bxc6 30. Rxc6 Qb4 31. g3 Rd2 32. Qc5 Qb7 33. Rc8+ Kh7 34. Qf8 Rxc8 35. Rxc8 Qa7+ 36. Kh1 Rd1+ 37. Kg2 Qg1+ 38. Kh3 Qf1+ 39. Kg4 h5+ 40. Kxh5 Qh3# 0-1


[Site "https://www.chess.com"]

[Event "Titled Tuesday Blitz July 4 Early 2023"]
[White "Skliarov, Viktor"]
[Black "Postlmayer, Jakob"]
[WhiteFideId "14106736"]
[BlackFideId "1643622"]
[WhiteElo "2593"]
[BlackElo "2501"]
[Result "1-0"]
[Round "11"]
[TimeControl "180+2"]
[Date "2023.07.04"]
[WhiteClock "0:01:03"]
[BlackClock "0:00:17"]
[Board "74"]

1. e4 c5 2. Nf3 d6 3. d4 cxd4 4. Qxd4 Nf6 5. Nc3 Nc6 6. Bb5 Bd7 7. Bxc6 Bxc6 8. Bg5 e6 9. O-O-O Be7 10. Rhe1 O-O 11. Kb1 Qa5 12. Qd2 Qa6 13. Nd4 Rfd8 14. f3 b5 15. a3 Rab8 16. Na2 Be8 17. g4 Qb7 18. Bxf6 Bxf6 19. g5 Be7 20. f4 Qb6 21. f5 e5 22. f6 Qxd4 23. Qxd4 exd4 24. fxe7 Rd7 25. Rxd4 Rb6 26. Nb4 Rb8 27. Nd5 a5 28. Re3 Rdb7 29. Rc3 Bd7 30. Rc7 Be8 31. Rxb7 Rxb7 32. Rd3 f6 33. gxf6 gxf6 34. Nxf6+ Kf7 35. Nd5 Bc6 36. Rf3+ Kg7 37. Rf8 1-0


[Site "https://www.chess.com"]

[Event "Titled Tuesday Blitz July 4 Early 2023"]
[White "Mica, Marek"]
[Black "Karttunen, Mika"]
[WhiteFideId "382884"]
[BlackFideId "502081"]
[WhiteElo "2489"]
[BlackElo "2592"]
[Result "0-1"]
[Round "11"]
[TimeControl "180+2"]
[Date "2023.07.04"]
[WhiteClock "0:00:39"]
[BlackClock "0:00:10"]
[Board "75"]

1. d4 Nf6 2. c4 c5 3. d5 b5 4. cxb5 a6 5. bxa6 g6 6. Nc3 Bg7 7. Nf3 Qa5 8. Bd2 O-O 9. e4 d6 10. a4 Bxa6 11. Qc2 Bxf1 12. Kxf1 Na6 13. Nb5 Qb6 14. g3 Ne8 15. Bc3 Nec7 16. Bxg7 Kxg7 17. Qc3+ Kg8 18. Nxc7 Nxc7 19. Kg2 Rfb8 20. Rhb1 Qb4 21. Qxb4 Rxb4 22. b3 Rxe4 23. Re1 Rxe1 24. Rxe1 Nxd5 25. Nd2 Rb8 26. a5 Kf8 27. Ra1 Nc7 28. a6 Na8 29. a7 Rb7 30. Ra6 Ke8 31. h4 h5 32. Kf3 Kd7 33. Kf4 f6 34. f3 Rb4+ 35. Ke3 Kc7 36. Kd3 Kb7 37. Ra1 Rb6 38. g4 Ra6 39. Re1 e5 40. gxh5 gxh5 41. Rg1 Rxa7 42. Ne4 Kc6 43. Rg6 Rf7 44. Nxf6 Nc7 45. Ke2 Nd5 46. Nxd5 Kxd5 47. Rg5 Rb7 48. Rxh5 Rxb3 49. Rh8 Kd4 50. h5 Rb2+ 51. Kf1 d5 52. Kg1 c4 53. h6 c3 54. Rc8 Rb7 55. Kf2 Kd3 56. Rc5 d4 57. f4 e4 58. f5 Rh7 59. Rc6 e3+ 60. Kf3 e2 61. Kf2 Kd2 62. Rf6 e1=Q+ 63. Kf3 Qe3+ 64. Kg4 Rxh6 65. Re6 Qh3+ 66. Kf4 Rh4+ 67. Ke5 Rh5 68. Rf6 Qxf5+ 69. Rxf5 Rxf5+ 70. Kxf5 c2 71. Ke4 d3 72. Kd4 c1=Q 73. Kd5 Qc3 74. Kd6 Qb4+ 75. Kd7 Ke3 76. Kc7 d2 77. Kc6 d1=Q 78. Kc7 Qdd6+ 79. Kc8 Qbb8# 0-1


[Site "https://www.chess.com"]

[Event "Titled Tuesday Blitz July 4 Early 2023"]
[White "Herzog2012"]
[Black "Ovchinnikov, Vsevolod"]
[BlackFideId "24176842"]
[WhiteElo "2481"]
[BlackElo "2587"]
[Result "0-1"]
[Round "11"]
[TimeControl "180+2"]
[Date "2023.07.04"]
[WhiteClock "0:00:00"]
[BlackClock "0:00:49"]
[Board "76"]

1. e4 g6 2. d4 Bg7 3. Nc3 a6 4. a4 d6 5. g3 Nd7 6. Bg2 Ngf6 7. Nge2 O-O 8. O-O Rb8 9. f4 b5 10. e5 Ne8 11. axb5 axb5 12. Ne4 f6 13. e6 Nb6 14. d5 Bb7 15. Nf2 f5 16. Be3 Nc4 17. Bd4 Nxb2 18. Qd2 Nc4 19. Qc3 Nf6 20. Rfd1 Bxd5 21. Bxd5 Nxd5 22. Qf3 Nf6 23. Qc6 Qc8 24. Nc3 Qb7 25. Qxb7 Rxb7 26. Rab1 c6 27. Nd3 Ne8 28. Bxg7 Nxg7 29. Nb4 Rc8 30. Ra1 Nxe6 31. Re1 Nc5 32. Rad1 Kf7 33. Re2 Rd7 34. Rde1 Rcc7 35. Nd1 Ne4 36. Rf2 Nxf2 37. Nxf2 e5 38. fxe5 dxe5 39. Nfd3 Kf6 40. Nf2 Rd2 0-1


[Site "https://www.chess.com"]

[Event "Titled Tuesday Blitz July 4 Early 2023"]
[White "Nunez V, Gustavo Eduardo"]
[Black "Weishaeutel, Moritz"]
[WhiteFideId "4403690"]
[BlackFideId "12967300"]
[WhiteElo "2470"]
[BlackElo "2583"]
[Result "0-1"]
[Round "11"]
[TimeControl "180+2"]
[Date "2023.07.04"]
[WhiteClock "0:01:37"]
[BlackClock "0:01:34"]
[Board "77"]

1. e4 e5 2. Nc3 Nc6 3. g3 Bc5 4. Bg2 d6 5. Nge2 f5 6. O-O Nf6 7. Na4 Nxe4 8. d3 Bxf2+ 9. Rxf2 Nxf2 10. Kxf2 O-O 11. Nac3 f4 12. gxf4 exf4 13. Bd5+ Kh8 14. Ng1 Qh4+ 15. Kg2 Ne5 16. Bf3 Bg4 17. Bxg4 Nxg4 18. Nf3 Qf2+ 19. Kh3 Ne3 20. Bxe3 fxe3 21. Nh4 g5 22. Qg4 Qxh4+ 23. Qxh4 gxh4 24. Re1 Rae8 25. Ne4 d5 26. Ng5 e2 27. Kg2 Rg8 28. Kf3 Rxg5 29. Rxe2 Rxe2 30. Kxe2 Rg2+ 31. Ke3 Rxh2 32. Kd4 Rxc2 33. Kxd5 Rxb2 34. a4 h3 35. a5 h2 36. Ke6 h1=Q 37. Kd7 Qc6+ 38. Kc8 Rg2 39. Kb8 Rg8+ 40. Kxa7 Qa6# 0-1


[Site "https://www.chess.com"]